 Dungeon Crawl Stone Soup version 0.17.1-1-g73c8601 (webtiles) character file.

357 PossumBlood the Skirmisher (level 6, -1/51 HPs)
             Began as a Formicid Fighter on Jan 8, 2016.
             Was an Initiate of Makhleb.
             Slain by an orc
             ... wielding a +0 trident
              (2 damage)
             ... on level 3 of the Dungeon.
             The game lasted 00:08:37 (2518 turns).

PossumBlood the Skirmisher (Formicid Fighter)       Turns: 2518, Time: 00:08:40

Health: -1/51      AC:  7    Str: 22      XL:     6   Next: 96%
Magic:  6/6        EV:  8    Int: 10      God:    Makhleb [......]
Gold:   139        SH:  9    Dex:  8 (10) Spells: 0 memorised, 5 levels left

rFire  . . .     SeeInvis +     a - +0 war axe
rCold  . . .     Clarity  +     b - +0 scale mail
rNeg   . . .     SustAt   .     c - +0 shield
rPois  .         Gourm    .     (helmet unavailable)
rElec  .         Spirit   .     (no cloak)
rCorr  .         Warding  .     (no gloves)
rMut   .         Stasis   +     (no boots)
MR     .....                    p - amulet of clarity
Stlth  ..........               i - ring of teleportation
                                h - +2 ring of intelligence

@: lethally poisoned (-1 -> -2), flying (expiring), not resistant to hostile
enchantments, extremely unstealthy
A: permanent stasis, dig shafts and tunnels, four strong arms, antennae 3
a: Dig, Shaft Self, Renounce Religion, Evoke Teleportation


You were on level 3 of the Dungeon.
You worshipped Makhleb.
Makhleb was noncommittal.
You were not hungry.

You visited 1 branch of the dungeon, and saw 3 of its levels.

You collected 139 gold pieces.

Inventory:

Hand Weapons
 a - a +0 war axe (weapon)
Missiles
 n - 2 javelins (quivered)
Armour
 b - a +0 scale mail (worn)
 c - a +0 shield (worn)
 r - an ice dragon hide
Jewellery
 h - a +2 ring of intelligence (left hand)
 i - a ring of teleportation (right hand)
 p - an amulet of clarity (around neck)
Scrolls
 g - a scroll of random uselessness
 l - 2 scrolls of remove curse
Potions
 k - a potion of lignification
 m - a potion of mutation
Comestibles
 e - 3 bread rations
 s - 2 meat rations


   Skills:
 - Level 5.6 Fighting
 + Level 5.1 Axes
 + Level 3.7 Armour
 - Level 3.6 Shields


You had 5 spell levels left.
You didn't know any spells.

Dungeon Overview and Level Annotations

Branches:
Dungeon (3/15)

Altars:
Ashenzari
Cheibriados
Elyvilon
Makhleb
Ru
Trog
Yredelemnul


Innate Abilities, Weirdness & Mutations

You are under a permanent stasis effect.
You can dig through walls and to a lower floor.
Your four strong arms can wield two-handed weapons with a shield.
You have a pair of large antennae on your head (SInv).


Message History

The orc priest hits you with a falchion.
* * * LOW HITPOINT WARNING * * *
Drink which item? (? for menu, Esc to quit)
It was a potion of flight.
You feel very buoyant.
You fly up into the air.
You block the orc's attack.
The orc priest hits you but does no damage.
Drink which item? (? for menu, Esc to quit)
It was a potion of degeneration.
There was something very wrong with that liquid.
You feel clumsy. You block the orc's attack.
Drink which item? (? for menu, Esc to quit)
Your magical effects are unravelling.
You feel magically purged.
You feel a little less mighty now.
* * * LOW HITPOINT WARNING * * *
You feel sick. You block the orc priest's attack.
The orc hits you from afar with a trident.
You die...

#.........##........#
#.........#########.#
##..####...# #..##
####..#
#.#####8###..##
#.#...#_≈≈##..# #.
#....##..≈≈##.# ..
#..####...≈o#.###.###
#.## #8_..o.@........
#..####...≈≈#......##
#....##..≈≈##.###..#
#.#...#_≈≈##..# .#
#.#####8###..## #..##
####.).#
#...####.†.#......
#.#......)##......
#............#####


You could see an orc priest and an orc.

Vanquished Creatures
  Sigmund (D:3)
  A hound (D:3)
  Terence (D:2)
  9 adders
  An ooze (D:2)
  5 giant geckos
  3 orcs (D:3)
  A ball python (D:1)
  9 bats
  2 giant cockroaches
  3 goblins
  3 hobgoblins
  A quokka (D:3)
  3 giant newts
  2 gnoll zombies (D:2)
  7 jackals (D:3)
  8 kobolds
  6 rats
66 creatures vanquished.

Notes
Turn   | Place    | Note
--------------------------------------------------------------
     0 | D:1      | PossumBlood the Formicid Fighter began the quest for the Orb.
     0 | D:1      | Reached XP level 1. HP: 18/18 MP: 1/1
   165 | D:1      | Reached XP level 2. HP: 21/24 MP: 2/2
   692 | D:2      | Reached XP level 3. HP: 22/30 MP: 3/3
   784 | D:2      | Noticed Terence
   793 | D:2      | Killed Terence
   793 | D:2      | Reached skill level 4 in Fighting
   793 | D:2      | Reached XP level 4. HP: 27/37 MP: 4/4
  1304 | D:2      | Found a sacrificial altar of Ru.
  1451 | D:2      | Found a basalt altar of Yredelemnul.
  1481 | D:2      | Found a white marble altar of Elyvilon.
  1511 | D:2      | Reached XP level 5. HP: 41/43 MP: 5/5
  1861 | D:3      | Noticed Sigmund
  1870 | D:3      | Killed Sigmund
  1870 | D:3      | Reached skill level 5 in Fighting
  1870 | D:3      | Reached XP level 6. HP: 28/51 MP: 6/6
  2176 | D:3      | Reached skill level 5 in Axes
  2373 | D:3      | Found a burning altar of Makhleb.
  2383 | D:3      | Became a worshipper of Makhleb the Destroyer
  2503 | D:3      | Found a bloodstained altar of Trog.
  2503 | D:3      | Found a snail-covered altar of Cheibriados.
  2503 | D:3      | Found a shattered altar of Ashenzari.
  2515 | D:3      | HP: 2/51 [orc priest/falchion (5)]
  2518 | D:3      | Slain by an orc

Action                   |  1- 3 |  4- 6 || total
-------------------------+-------+-------++-------
Melee: War axe           |    55 |   172 ||   227
  Use: Scroll            |       |     8 ||     8
       Potion            |       |     5 ||     5
  Eat: Bread ration      |       |     2 ||     2
